AoeStats
← RedPhosphoru

Arabian Desert

510008790Analyzed
1v1 RM · 2d ago on Sep 29, 2026· 18m 50s· 2 players
Game mode
Random Map
Map size
Tiny (2 player)
Population
200
Speed
Normal
Resources
Standard
Victory
Conquest
Starting age
Dark Age
Ending age
Imperial Age
RankedLock teamsTeams togetherTeam positionsShared explorationLock speedFull tech treeHidden civsTurbo modeCheats
Victory
Defeat
🇺🇸 Wu · United States
2329
+20
🇨🇦 Mongols · Canada
2415
-20
RedPhosphoru
8:03 Loom
10:21 Feudal Age
14:44 Castle Age
16:26 Fletching
Survivalist
6:16 Loom
9:08 Feudal Age
10:00 Double-Bit Axe
9:36 Man-at-Arms
10:58 Arson
12:41 Town Watch
15:29 Fletching
20:02 Castle Age
18:55 Fletching
Connection lost

Rejoining the realm…

Still unreachable

The connection could not be restored.

Session expired

The server has moved on; the page needs a fresh start.